 Dungeon Crawl Stone Soup version 0.14-a0-1007-gacdcbbe (webtiles) character file.

263 MackTheKnife the Chiller (level 5, -3/35 HPs)
             Began as a Merfolk Ice Elementalist on Nov 22, 2013.
             Slain by an orc
             ... wielding a +0,+1 orcish flail
              (9 damage)
             ... on Level 3 of the Dungeon.
             The game lasted 00:07:33 (4154 turns).

MackTheKnife the Chiller (Merfolk Ice Elementalist) Turns: 4154, Time: 00:07:33

HP  -3/35        AC  3     Str  8      XL: 5   Next: 82%
MP   9/9         EV 11     Int 15      God:
Gold 59          SH  0     Dex 15      Spells:  3 memorised,  2 levels left

Res.Fire  : + . .   See Invis. : .   u - +0 trident
Res.Cold  : . . .   Warding    : .   w - +0 orc leather armour {rF+}
Life Prot.: . . .   Conserve   : .   (no shield)
Res.Poison: .       Res.Corr.  : .   (no helmet)
Res.Elec. : .       Clarity    : .   (no cloak)
Sust.Abil.: . .     Spirit.Shd : .   (no gloves)
Res.Mut.  : .       Stasis     : .   (no boots)
Res.Rott. : .       Flight     : .   (no amulet)
Saprovore : . . .                    (no ring)
                                     (no ring)

@: slightly resistant to hostile enchantments, fairly stealthy
A: change form in water, swift swim
a: no special abilities


You were on level 3 of the Dungeon.
You were hungry.

You visited 1 branch of the dungeon, and saw 3 of its levels.

You collected 59 gold pieces.


   Skills:
 + Level 3.7 Polearms
 - Level 3.2 Dodging
 - Level 2.1 Stealth
 - Level 2.1 Spellcasting
 - Level 0.7 Conjurations
 + Level 5.4 Ice Magic


You had 2 spell levels left.
You knew the following spells:

 Your Spells              Type           Power        Failure   Level  Hunger
a - Ozocubu's Armour      Chrm/Ice       #.........   24%         3    ####...
x - Throw Frost           Conj/Ice       ##....       12%         2    ###....
z - Freeze                Ice            ###.         2%          1    #......

Inventory:

Hand weapons
 a - a +4,+2 elven sabre
 u - a +0,+0 trident (weapon)
 x - a +0 blowgun
Missiles
 v - 8 curare-tipped needles
Armour
 w - a +0 orcish leather armour of fire resistance (worn)
Magical devices
 n - a wand of confusion (8)
Comestibles
 c - 5 bread rations
 g - a meat ration
 z - a chunk of orc flesh {@*1}
Scrolls
 d - 3 scrolls of fog {unknown}
 f - a scroll of amnesia {unknown}
 h - 5 scrolls of identify {unknown}
 j - 7 scrolls of remove curse {unknown}
 q - a scroll of random uselessness {unknown}
 y - a scroll of teleportation {unknown}
Potions
 e - a potion of brilliance {unknown}
 i - a potion of porridge
 k - a potion of heal wounds {unknown}
 l - a potion of slowing {unknown}
 m - a potion of flight {unknown}
 o - a potion of magic {unknown}
 p - a potion of invisibility {unknown}
 r - 2 potions of agility
 s - 2 potions of resistance {unknown}
Books
 b - a book of Frost

   Spells                             Type                      Level
   *Freeze                            Ice                          1
   *Throw Frost                       Conjuration/Ice              2
   *Ozocubu's Armour                  Charms/Ice                   3
   Throw Icicle                       Conjuration/Ice              4
   Summon Ice Beast                   Ice/Summoning                4
   Condensation Shield                Ice                          4
 t - a book of Geomancy

   Spells                             Type                      Level
   Sandblast                          Earth                        1
   Stoneskin                          Transmutation/Earth          2
   Passwall                           Transmutation/Earth          3
   Stone Arrow                        Conjuration/Earth            3
   Petrify                            Transmutation/Earth          4
   Lee's Rapid Deconstruction         Earth                        5

▒···▒ ▒···▒▒········▒
▒▒·▒▒▒▒▒▒···▒▒········▒
▒·▒··················▒▒▒▒▒▒▒
▒·▒·▒▒▒▒···▒▒··············▒
▒·▒·▒ ▒···▒▒▒▒▒▒▒▒▒▒······▒
▒▒▒▒▒▒·▒·▒▒▒▒···▒▒▒▒▒▒▒▒▒·······▒
································▒
▒▒▒▒▒▒·▒·▒▒▒▒▒▒▒▒▒▒▒▒▒▒▒▒·▒▒▒▒··▒
················m···▒▒ ▒·▒ ▒··▒
▒▒▒▒▒▒·▒·▒▒▒▒▒▒▒o····▒ ▒[▒ ▒r·▒
▒·········oo·o·····▒ ▒·▒ ▒··▒
▒·▒▒·▒)▒▒▒▒▒▒▒·····▒ ▒·▒ ▒·[▒
▒·▒▒·▒·▒▒▒▒▒ ▒·····▒ ▒·▒ ▒··▒
▒··········▒ ▒·····▒ ▒·▒ ▒··▒
▒··········▒▒▒·····▒ ▒·▒ ▒··▒
▒·······o······▒▒▒▒▒ ▒·▒ ▒··▒
▒··········▒▒▒·▒ ▒·▒ ▒··▒


You could see 2 orcs.


Message History

You hit the orc but do no damage.
The orc is severely wounded.
The orc grunts loudly.
The orc hits you but does no damage.
An orc priest comes into view. It is wielding an orcish dagger.
Aiming: Throw Frost
Aim: an orc, wielding an orcish mace and wearing an orcish ring mail (severely wounded)
Okay, then.
The orc priest shouts!
The orc priest unwields an uncursed orcish dagger.
The orc priest drops an uncursed orcish dagger.
The orc priest picks up an orcish flail.
The orc priest wields an orcish flail.
An orc comes into view. It is wielding a glowing orcish flail.
The orc priest calls upon Beogh to heal the orc.
The orc's wounds heal themselves!
You are feeling hungry.
The orc priest invokes the aid of Beogh against you.
Something smites you!
* * * LOW HITPOINT WARNING * * *
Found a potion of blood.
Found a stone staircase leading down.
A hobgoblin comes into view. It is wielding an orcish mace.
You hit the hobgoblin.
You kill the hobgoblin!
The orc hits you but does no damage.
Things that are here:
an orcish mace; a +0 elven leather armour
There is a stone staircase leading up here.
The orc hits you with an orcish flail!
You die...

Action                   |  1- 3 |  4- 6 || total
-------------------------+-------+-------++-------
Melee: Unarmed           |    52 |       ||    52
       Dagger            |   106 |       ||   106
       Hand axe          |    29 |       ||    29
       Trident           |    10 |    88 ||    98
 Cast: Freeze            |    15 |    16 ||    31
       Ozocubu's Armour  |     1 |     2 ||     3
       Throw Frost       |       |     6 ||     6
Evoke: Wand              |     1 |       ||     1
  Use: Potion            |       |     2 ||     2
 Stab: Sleeping          |     7 |     2 ||     9

Vault maps used:
D:1:      dpeg_entry_windows_large_door
D:2:      first_bread, hangedman_decor_slide_cut, minmay_misc_feat_columns,
          corexii_item_surrounded_by_moat, tso_altar

Notes
Turn   | Place    | Note
--------------------------------------------------------------
     0 | D:1      | MackTheKnife, the Merfolk Ice Elementalist, began the quest for the Orb.
     0 | D:1      | Reached XP level 1. HP: 13/13 MP: 3/3
   407 | D:1      | Reached XP level 2. HP: 19/19 MP: 4/4
   520 | D:1      | Learned a level 2 spell: Throw Frost
  1558 | D:1      | Reached skill level 2 in Spellcasting
  1761 | D:2      | Reached XP level 3. HP: 24/24 MP: 3/6
  1814 | D:2      | Learned a level 3 spell: Ozocubu's Armour
  2087 | D:2      | Reached skill level 4 in Ice Magic
  2293 | D:2      | Reached skill level 3 in Dodging
  2655 | D:2      | Found a glowing golden altar of the Shining One.
  2806 | D:2      | Reached XP level 4. HP: 15/30 MP: 6/8
  3028 | D:3      | Reached skill level 1 in Polearms
  3395 | D:3      | Reached skill level 2 in Polearms
  3516 | D:3      | Reached skill level 3 in Polearms
  3516 | D:3      | Reached skill level 5 in Ice Magic
  3516 | D:3      | Reached XP level 5. HP: 24/35 MP: 1/9
  4130 | D:3      | HP: 3/35 [orc priest/divine providence (12)]
  4154 | D:3      | Slain by an orc

Vanquished Creatures
  2 orc priests (D:3)
  An orc wizard (D:3)
  5 adders
  2 giant geckos
  An ooze (D:2)
  7 orcs (D:3)
  3 giant cockroaches
  6 goblins
  10 hobgoblins
  6 kobolds
  2 quokkas (D:2)
  5 bats
  2 giant newts (D:1)
  9 rats
61 creatures vanquished.
